 Dungeon Crawl Stone Soup version 0.27.0-1-g7a089689b8 (webtiles) character file.

Game seed: 6818879112602495403

788 freelancePsychic the Skirmisher (level 8, -8/59 HPs)
             Began as a Djinni Artificer on Aug 14, 2021.
             Was an Initiate of Makhleb.
             Mangled by a hornet (16 damage)
             ... on level 4 of the Dungeon.
             The game lasted 00:11:56 (7027 turns).

freelancePsychic the Skirmisher (Djinni Artificer)  Turns: 7027, Time: 00:11:57

Health: -8/59      AC:  3    Str: 11    XL:     8   Next: 12%
Gold:   200        EV: 16    Int: 16    God:    Makhleb [......] SH:  0 Dex: 13

rFire    + + .     SeeInvis .   w - +2 scimitar
rCold    x . .     Faith    .   (no shield)
rNeg     . . .     Spirit   .   b - +0 leather armour
rPois    ∞         Reflect  .   (no helmet)
rElec    .         Harm     .   (no cloak)
rCorr    .         Rampage  .   (no gloves)
Will     .....                  (boots unavailable)
Stlth    +.........             (no amulet)
HPRegen  0.19/turn              s - +4 ring of evasion
MPRegen  0.00/turn              (no ring)

@: flying
A: sickness immunity, fire resistance 2, cold vulnerability 1, float, innate
caster, hp casting, extra vitality 1
a: Renounce Religion


You were on level 4 of the Dungeon.
You worshipped Makhleb.
Makhleb was noncommittal.
You visited 2 branches of the dungeon, and saw 6 of its levels.

You collected 200 gold pieces.

Inventory:

Hand Weapons
 a - a +0 club
 m - a +0 flail
 p - a +2 flail of holy wrath
 w - a +2 scimitar (weapon)
Armour
 b - a +0 leather armour (worn)
Jewellery
 s - a +4 ring of evasion (left hand)
 u - a ring of ice
Wands
 d - a wand of charming (8)
 n - a wand of polymorph (3)
 v - a wand of flame (19)
Scrolls
 f - a scroll of fear
 l - a scroll of amnesia
 q - a scroll of magic mapping
 t - a scroll of blinking
Potions
 c - 2 potions of berserk rage
 g - 3 potions of curing {@q1}
 h - a potion of cancellation {unknown}
 i - a potion of lignification {unknown}
 j - a potion of heal wounds {unknown}
 k - a potion of magic {unknown}
 o - 2 potions of mutation {unknown}
 r - a potion of resistance {unknown}
Miscellaneous
 e - a piece from Xom's chessboard (15/15)


   Skills:
 + Level 5.1 Fighting
 * Level 2.3 Long Blades
 - Level 1.0 Armour
 - Level 3.1 Dodging
 - Level 0.7 Stealth
 + Level 4.1 Spellcasting
 - Level 3.0 Evocations


You had 10 spell levels left.
You knew the following spells:

 Your Spells              Type           Power      Damage    Failure   Level
a - Magic Dart            Conj           64%        1d6       4%          1
b - Wereblood             Tmut           16%        N/A       6%          2
c - Slow                  Hex            16%        N/A       6%          2
Your spell library was empty.

Dungeon Overview and Level Annotations

Branches:
Dungeon (5/15)             Temple (1/1) D:4

Altars:
Cheibriados
Dithmenos
Elyvilon
Fedhas
Gozag
Kikubaaqudgha
Makhleb
Okawaru
Ru
Sif Muna
Vehumet
Wu Jian
Xom
Yredelemnul
Zin

Shops:
D:3 [


Innate Abilities, Weirdness & Mutations

You are immune to sickness and miasma.
You are immune to poison.
Your flesh is very heat resistant. (rF++)
You are vulnerable to cold. (rC-)
You float through the air rather than walking.
You learn spells naturally, not from books.
Your magical power is your life essence.
You have superior vitality. (+4 HP)


Message History

A hornet is nearby!
Casting: Slow (safe; 6% risk of failure)
Confirm with . or Enter, or press ? or * to list all spells.
Aiming: Slow (safe; 6% risk of failure)
Press: ? - help, Shift-Dir - straight line, f - hornet
Aim: a hornet (wandering, hasn't noticed you, chance to affect: 45%)
The hornet resists with some effort.
Casting: Slow (safe; 6% risk of failure)
Confirm with . or Enter, or press ? or * to list all spells.
Aiming: Slow (safe; 6% risk of failure)
Press: ? - help, Shift-Dir - straight line, f/p - hornet
Aim: a hornet (chance to affect: 45%)
The hornet seems to slow down.
The hornet misses you.
You barely miss the hornet. The hornet stings you!
The orc shouts!
You slash the hornet!
The hornet is heavily wounded.
You hear an angry hiss.
The hornet closely misses you.
You slash the hornet!
The hornet is severely wounded.
The hornet stings you!
You barely miss the hornet.
The hornet is severely wounded.
The hornet stings you. The hornet closely misses you.
You miss the hornet.
The hornet is severely wounded.
The hornet stings you but does no damage.
You hit the hornet.
The hornet is almost dead.
The hornet barely misses you.
You riposte.
You barely miss the hornet.
The hornet is almost dead.
You closely miss the hornet.
The hornet is almost dead.
The hornet stings you!
* * * LOW HITPOINT WARNING * * *
You closely miss the hornet.
The hornet is almost dead.
The hornet stings you!
You die...

#.....# +# .. #[
###.⌠8..####.##.. ##.#
#................ #...
##.>.⌠8........... #...
#................. #...
#....(8...........# #...
#....o....o.......# #...
###'##..##y##.##..# ##..
##..###+##@##.##'###+####..
#.......#..................
#.......#..................
##..##..#..............)...
###+##..'..................
#[......#...............)>.
#J..##'###..####..###.###..
#...##..##..####..###.###..
#....#.....................


You could see a hornet (slow) and an orc.

Vanquished Creatures
  2 black bears
  An ogre (D:5)
  A phantom (D:5)
  A water moccasin zombie (D:5)
  3 wights (D:5)
  A bullfrog skeleton (D:4)
  An orc wizard (D:5)
  5 gnolls
  3 adders (D:2)
  A worm (D:3)
  An adder skeleton (D:4)
  2 dart slugs
  5 orcs
  4 ball pythons
  3 bats
  6 endoplasms
  2 giant cockroaches
  5 goblins
  6 hobgoblins
  2 quokkas
  2 kobolds
  3 rats (D:1)
60 creatures vanquished.

Vanquished Creatures (collateral kills)
  A steam dragon (D:4)
1 creature vanquished.

Vanquished Creatures (others)
  A goblin (D:4)
  11 plants (D:3)
12 creatures vanquished.

Grand Total: 73 creatures vanquished

Notes
Turn   | Place    | Note
-------+----------+-------------------------------------------
     0 | D:1      | freelancePsychic the Djinni Artificer began the quest for
                  | the Orb.
     0 | D:1      | Reached XP level 1. HP: 17/17 MP: 0/0
   365 | D:1      | Found a faded altar of an unknown god.
   407 | D:1      | Reached XP level 2. HP: 22/22 MP: 0/0
  1296 | D:2      | Reached skill level 1 in Spellcasting
  1355 | D:2      | Reached skill level 2 in Fighting
  1355 | D:2      | Reached XP level 3. HP: 27/28 MP: 0/0
  1355 | D:2      | Learned a level 1 spell: Magic Dart
  1782 | D:2      | Reached XP level 4. HP: 26/34 MP: 0/0
  2430 | D:3      | Found a blossoming altar of Fedhas.
  2535 | D:3      | Found Cusoluah's Armour Shoppe.
  3257 | D:2      | Reached XP level 5. HP: 24/40 MP: 0/0
  3257 | D:2      | Learned a level 2 spell: Wereblood
  3399 | D:3      | Reached skill level 3 in Fighting
  3614 | D:3      | Found an iron altar of Okawaru.
  3669 | D:4      | Noticed a centaur
  3685 | D:4      | Found a staircase to the Ecumenical Temple.
  3693 | Temple   | Entered the Ecumenical Temple
  4051 | Temple   | Became a worshipper of Makhleb the Destroyer
  4240 | D:4      | Noticed a warg
  4240 | D:4      | a centaur changed into a warg
  4268 | D:4      | Noticed a steam dragon
  4280 | D:4      | Noticed a black bear
  4283 | D:4      | HP: 1/40 [steam dragon (5)]
  4285 | D:4      | Killed a steam dragon
  4286 | D:4      | Reached XP level 6. HP: 2/46 MP: 0/0
  4297 | D:4      | HP: 1/46 [hobgoblin (2)]
  5118 | D:4      | Noticed a hornet
  5118 | D:4      | a warg changed into a hornet
  5349 | D:5      | Entered Level 5 of the Dungeon
  5697 | D:5      | Identified a scroll of acquirement
  5698 | D:5      | Acquired a +4 ring of evasion
  5718 | D:5      | Noticed an ogre
  5728 | D:5      | Killed an ogre
  5729 | D:5      | Reached skill level 4 in Fighting
  5729 | D:5      | Reached XP level 7. HP: 28/52 MP: 0/0
  5729 | D:5      | Learned a level 2 spell: Slow
  6571 | D:5      | Reached skill level 1 in Long Blades
  6577 | D:5      | Reached skill level 5 in Fighting
  6772 | D:4      | Reached XP level 8. HP: 34/59 MP: 0/0
  7027 | D:4      | Mangled by a hornet

Illustrated notes

Levels and vault maps discovered:
D:1:      dpeg_arrival_tiny_a, layout_basic,
          hellmonk_ecumenical_altar_arch_garden, minmay_misc_feat_chi
D:2:      layout_rooms, grunt_decor_cap, minmay_tetromino_s2
D:3:      layout_loops_cross, okawaru_altar_gauntlet_db,
          nicolae_overflow_crystal_walls, serial_shops, nicolae_shop_crystal,
          serial_bayou_pond_c
D:4:      layout_gridville, trog_book, minmay_temple_entry_drinking_statues,
          minmay_pentomino_pile
D:5:      layout_gridville, lemuel_doored_altar, uniq_eustachio
Temple:   nicolae_temple_figure_eight

Skill      XL: |  1  2  3  4  5  6  7 |
---------------+----------------------+-----
Spellcasting   | 1 2 3 4 |  4.1
Fighting       | 2 3 4 5 |  5.1
Dodging        | 3 |  3.1
Long Blades    | 2 |  2.3
Armour         | |  1.0
Stealth        | |  0.7
Evocations     | |  3.0

Action                   |  1- 3 |  4- 6 |  7- 9 || total
-------------------------+-------+-------+-------++-------
Melee: Club              |    81 |       |       ||    81
       Flail             |       |    75 |    18 ||    93
       Scimitar          |       |       |    40 ||    40
 Cast: Magic Dart        |    15 |    76 |     1 ||    92
       Wereblood         |       |     2 |       ||     2
       Slow              |       |       |     9 ||     9
Evoke: Wand              |    11 |    16 |       ||    27
  Use: Scroll            |       |     7 |     2 ||     9
       Potion            |       |       |     1 ||     1
 Stab: Sleeping          |     4 |       |       ||     4
Armor: Leather armour    |    37 |    37 |    10 ||    84
Dodge: Dodged            |    76 |    73 |    44 ||   193
       Rpst.: Scimitar   |       |       |     7 ||     7
